Map: Jagannatha LE

Players

JimRising

  • Race: Zerg Zerg
  • League: Grandmaster

Erik - Winner!

  • Race: Zerg Zerg
  • League: Master

Event: DreamHack SC2 Masters 2021 Summer

VOD

Have the link to the VOD?

Description

Time

  • Played on: May 22, 2021, 4:47 p.m.
  • Length: 11:30

All games in this series

Show
View Real Time Build Order
Export as new Build Order

JimRising Zerg 

Build Orders: Hatch First 

Get SALT Encoding   

  12  0:00  Drone  
  13  0:12  Overlord  
  13  0:17  Drone  
  14  0:30  Drone x2  
  16  0:49  Hatchery  
  15  0:53  Drone  
  16  1:07  Spawning Pool  
  16  1:09  Drone  
  16  1:14  Drone  
  16  1:17  Drone  
  18  1:24  Overlord  
  18  1:38  Extractor  
  18  1:39  Drone  
  18  1:43  Drone  
  19  1:55  Queen  
  19  1:59  Drone  
  22  2:01  Queen  
  22  2:04  Zergling x4  
  26  2:12  Zergling x2  
  27  2:19  Drone  
  28  2:23  Drone  
  28  2:27  Drone  
  30  2:31  Queen  
  32  2:41  Queen  
  33  2:46  Drone x3  
  36  2:52  Overlord  
  36  3:00  Roach Warren  
  36  3:05  Drone  
  36  3:08  Evolution Chamber  
  35  3:14  Evolution Chamber  
  34  3:22  Roach Warren, Evolution Chamber  
  32  3:28  Zergling x6  
  35  3:38  Roach Warren  
  35  3:40  Drone x2  
  34  3:58  Drone x2  
  35  4:04  Drone x2  
  35  4:05  Drone  
  35  4:09  Drone  
  40  4:10  Roach Warren  
  40  4:15  Drone x2  
  41  4:33  Spine Crawler, Overlord  
  40  4:43  Overlord  
  40  4:50  Roach x2  
  40  4:51  Overlord  
  40  4:52  Roach  
  46  4:55  Roach  
  46  4:57  Roach  
  52  5:00  Roach  
  52  5:04  Roach  
  54  5:07  Roach  
  55  5:17  Roach Warren  
  47  5:31  Drone, Zerg Missile Weapons Level 1  
  47  5:32  Drone x8  
  56  5:39  Drone x3  
  55  5:55  Lair  
  55  6:04  Extractor  
  55  6:05  Extractor  
  55  6:08  Drone x3, Hatchery  
  55  6:09  Drone x2  
  57  6:18  Roach  
  57  6:19  Roach x3  
  57  6:23  Drone  
  66  6:27  Roach  
  66  6:32  Overlord  
  68  6:37  Overlord  
  68  6:38  Overlord  
  68  6:45  Overlord  
  68  6:49  Queen  
  68  6:51  Roach x3  
  76  6:56  Roach x2  
  76  6:59  Roach  
  82  7:02  Roach  
  82  7:05  Roach  
  82  7:08  Roach  
  88  7:13  Roach x2  
  92  7:16  Glial Reconstitution  
  92  7:29  Roach x4  
  102  7:30  Roach x3  
  102  7:31  Overlord  
  104  7:44  Drone x4  
  100  7:48  Roach x3  
  100  7:54  Zerg Missile Weapons Level 2  
  98  7:59  Drone x2  
  98  8:00  Drone x2  
  98  8:04  Queen  
  104  8:07  Queen  
  104  8:09  Drone x2  
  108  8:14  Roach x2  
  108  8:18  Roach  
  114  8:23  Overlord  
  114  8:33  Spore Crawler  
  113  8:38  Spore Crawler  
  113  8:39  Spore Crawler  
  113  8:41  Drone x7  
  108  8:42  Drone x3  
  101  8:56  Drone x4, Queen x2  
  101  8:58  Spore Crawler  
  104  9:16  Evolution Chamber  
  104  9:20  Spore Crawler  
  103  9:29  Spore Crawler  
  102  9:32  Queen  
  102  9:33  Spore Crawler  
  102  9:36  Roach  
  105  9:51  Hatchery  
  102  9:52  Overlord  
  102  9:53  Overlord x4  
  102  9:54  Extractor  
  102  9:55  Hydralisk Den  
  100  10:02  Overlord  
  100  10:07  Overlord  
  100  10:13  Roach x6  
  100  10:14  Roach x3  
  118  10:22  Overlord  
  118  10:24  Overlord x4  
  118  10:29  Overlord  
  118  10:35  Overlord  
  118  10:39  Overlord x2  
  118  10:50  Roach x2  
  118  10:51  Roach  
  118  10:52  Ravager x3  
  127  10:59  Hydralisk x2  
  127  11:02  Ravager x2  
  133  11:07  Roach  
  133  11:08  Roach  
Show
View Real Time Build Order
Export as new Build Order

Erik Zerg - Winner!

Build Orders: Pool First 

Get SALT Encoding   

  12  0:00  Drone  
  13  0:08  Drone  
  14  0:14  Extractor  
  14  0:15  Drone  
  15  0:22  Overlord  
  15  0:37  Spawning Pool  
  15  0:40  Drone  
  15  0:44  Drone  
  15  0:48  Drone  
  17  0:51  Extractor  
  17  0:55  Drone  
  17  1:15  Hatchery  
  16  1:24  Zergling x2  
  16  1:25  Zergling x2  
  18  1:27  Zergling x2  
  19  1:36  Queen  
  21  1:41  Zergling x2  
  22  1:51  Metabolic Boost  
  22  1:56  Overlord  
  22  2:06  Extractor, Drone  
  23  2:15  Queen  
  25  2:16  Drone  
  25  2:22  Drone  
  27  2:28  Drone  
  28  2:42  Zergling x6  
  31  2:46  Zergling x6  
  31  2:50  Zergling x2  
  35  2:55  Overlord  
  35  3:02  Drone  
  36  3:12  Roach Warren  
  35  3:13  Drone  
  35  3:14  Drone  
  35  3:18  Drone  
  35  3:19  Drone  
  38  3:23  Drone x4  
  40  3:30  Drone x2  
  39  3:42  Overlord  
  39  3:43  Overlord  
  38  3:53  Roach x3  
  43  4:01  Roach  
  43  4:02  Roach x2  
  46  4:03  Roach  
  48  4:12  Extractor  
  48  4:15  Zergling x4  
  49  4:18  Overlord  
  49  4:22  Zergling x8  
  53  4:25  Zergling x4  
  55  4:31  Zergling x4  
  57  4:40  Drone  
  57  4:41  Drone  
  57  4:42  Evolution Chamber  
  57  4:44  Lair  
  58  4:47  Overlord  
  58  4:48  Drone x2  
  58  4:50  Drone  
  61  4:54  Extractor  
  61  4:59  Drone  
  60  5:00  Drone x2  
  60  5:01  Drone  
  60  5:05  Drone  
  60  5:06  Drone  
  63  5:15  Pneumatized Carapace  
  63  5:17  Zerg Missile Weapons Level 1  
  63  5:21  Drone x3  
  66  5:24  Drone x2  
  62  5:31  Drone  
  63  5:36  Extractor  
  63  5:38  Overlord x2  
  62  5:47  Roach x5  
  67  5:50  Glial Reconstitution  
  67  5:52  Overseer  
  65  6:00  Roach  
  65  6:01  Roach  
  69  6:05  Roach x2  
  73  6:16  Hatchery  
  73  6:17  Roach  
  74  6:18  Roach  
  76  6:26  Spire  
  75  6:33  Drone  
  75  6:39  Roach x3  
  84  6:40  Roach  
  84  6:48  Roach x3  
  84  6:51  Roach  
  92  6:56  Overlord  
  92  7:01  Overlord  
  92  7:02  Overlord  
  92  7:07  Extractor, Overlord  
  91  7:16  Drone x4  
  91  7:17  Drone x2  
  97  7:33  Overlord  
  97  7:39  Mutalisk x5  
  97  7:50  Mutalisk  
  91  8:00  Mutalisk x2  
  95  8:05  Queen  
  95  8:06  Drone x3  
  95  8:08  Extractor  
  99  8:17  Mutalisk  
  103  8:22  Overlord, Zerg Flyer Weapons Level 1  
  103  8:23  Roach  
  103  8:24  Roach x3  
  109  8:30  Drone  
  110  8:34  Drone x4  
  116  8:41  Roach x6  
  114  8:48  Roach  
  114  8:49  Roach  
  114  8:54  Roach  
  104  9:04  Roach x7  
  104  9:09  Drone x2  
  121  9:10  Drone  
  121  9:16  Drone x2  
  123  9:23  Roach  
  123  9:24  Roach x2  
  129  9:32  Roach x2  
  129  9:35  Overseer  
  129  9:47  Overlord  
  129  9:48  Overlord  
  129  9:51  Roach  
  129  9:52  Roach x3  
  137  9:55  Overlord  
  137  9:56  Overlord x5  
  137  10:08  Ravager x4  
  137  10:09  Ravager  
  142  10:16  Roach x5  
  142  10:17  Roach x2  
  156  10:29  Roach x6  
  168  10:38  Roach  
  168  10:39  Roach x4  
  178  10:56  Roach x8  
Tags
 
Add a new tag
Caveats
  • Supply blocks, unpowered buildings, or Contaminate may cause inaccurate times.
  • Supply counts are checked every 10 seconds.